 Dungeon Crawl Stone Soup version 0.21.1-1-g345015f (webtiles) character file.

2664 troglodite the Covered (level 9, 0/106 HPs)
             Began as a Demonspawn Berserker on Feb 26, 2018.
             Was a Priest of Trog.
             Slain by an ice beast (9 damage)
             ... on level 7 of the Dungeon.
             The game lasted 00:12:51 (6274 turns).

troglodite the Covered (Demonspawn Berserker)       Turns: 6274, Time: 00:12:51

Health: 0/106      AC: 24    Str: 15 (17) XL:     9   Next: 36%
Magic:  0/9        EV:  2    Int:  9 (10) God:    Trog [***...]
Gold:   373        SH:  0    Dex: 14 (15) Spells: 8/8 levels left

rFire    + . .     SeeInvis .   g - +2 dagger (distort)
rCold    . . .     Gourm    .   (no shield)
rNeg     + + +     Faith    .   (armour currently unavailable)
rPois    +         Spirit   +   (helmet currently unavailable)
rElec    .         Reflect  .   (cloak currently unavailable)
rCorr    .         Harm     .   (gloves currently unavailable)
MR       ++...     NoTele   +   (boots currently unavailable)
Stlth    +.........             (no amulet)
HPRegen  1.27/turn              t - ring of loudness (curse)
MPRegen  0.22/turn              e - ring of protection from fire

@: lethally poisoned (0 -> -1), tree-form, berserk cooldown, regenerating,
slowed, very slow
A: powered by pain 2, magic shield, magic regeneration
a: Berserk, Trog's Hand, Burn Spellbooks, Renounce Religion


You were on level 7 of the Dungeon.
You worshipped Trog.
Trog was most pleased with you.
You were near starving.
You were a tree.
You visited 1 branch of the dungeon, and saw 8 of its levels.

You collected 373 gold pieces.

Inventory:

Hand Weapons
 a - a +0 falchion
 g - a +2 dagger of distortion (weapon)
Armour
 y - a +0 chain mail (melded)
 B - a +0 pair of gloves (melded)
Jewellery
 e - a ring of protection from fire (right branch)
 t - a cursed ring of loudness (left branch)
Wands
 p - a wand of polymorph (13)
Scrolls
 b - 3 scrolls of remove curse {unknown}
 h - a scroll of immolation {unknown}
 k - 3 scrolls of fear {unknown}
 l - 7 scrolls of identify {unknown}
 q - a scroll of magic mapping {unknown}
 s - a scroll of enchant weapon {unknown}
 u - 3 scrolls of teleportation {unknown}
Potions
 d - 2 potions of might {unknown}
 f - 4 potions of flight {unknown}
 i - 5 potions of heal wounds {unknown}
 j - a potion of cancellation {unknown}
 m - a potion of haste {unknown}
 n - 5 potions of degeneration
 o - 2 potions of magic {unknown}
 r - 5 potions of curing
 v - 2 potions of mutation {unknown}
 w - a potion of invisibility {unknown}
 x - a potion of lignification
 A - a potion of resistance {unknown}
 C - a potion of brilliance {unknown}
Comestibles
 c - 16 rations
 z - a chunk of flesh


   Skills:
 * Level 6.7 Fighting
 + Level 4.7(5.2) Short Blades
 + Level 3.3(4.5) Long Blades
 * Level 7.9 Armour
 * Level 4.5 Dodging
 + Level 1.0 Stealth


You had 8 spell levels left.
You didn't know any spells.

Dungeon Overview and Level Annotations

Branches:
Dungeon (8/15)             Temple (0/1) D:6
   Lair: D:8-11

Altars:
Elyvilon
Fedhas
Gozag
Okawaru
Ru
Uskayaw
Xom
The Shining One

Shops:
D:5 [

Annotations:
D:5 Edmund


Innate Abilities, Weirdness & Mutations

((You have a pair of small antennae on your head.))
You sometimes gain power by taking damage.
When hurt, damage is shared between your health and your magic reserves.
You regenerate magic rapidly.


Message History

The ice beast hits you but does no damage.
You hit the killer bee.
Space bends around the killer bee.
The killer bee is almost dead.
You feel sick.
The killer bee stings you but does no damage. x2
The ice beast hits you but does no damage.
The killer bee stings you but does no damage.
You barely miss the killer bee.
The killer bee is almost dead.
You feel sick.
The killer bee stings you but does no damage.
The ice beast completely misses you.
The killer bee stings you but does no damage.
You hit the killer bee.
You kill the killer bee!
Trog accepts your kill. The ice beast hits you.
* * * LOW HITPOINT WARNING * * *
The ice beast freezes you!
You die...

#.#########.# #.#
####.#### #.#
#.......# #.#
#.##.##.######
#.######.##.##..##...
#.##.(((...(.........
#.##.###(##..........
#.##.# #.##...≈≈≈....
#.##♣# #(....≈≈≈≈≈..#
#.##Y# ####..≈≈♣≈≈..#
#.##.#### #..≈≈≈≈≈..#
#.......# ♣...≈≈≈)..♣
####>#### ♣♣.......♣♣
##...## ♣♣.....♣♣
#..#..# ♣♣...♣♣
#.###.# ♣♣.....♣♣
#..#..# ♣♣.......♣♣


You could see an ice beast.

Vanquished Creatures
  Sigmund (D:5)
  A spriggan (D:7)
  The ghost of letownia2 the Charmwright, an amateur GnSk (D:4)
  A sky beast (D:7)
  A phantom (D:5)
  3 ogres
  5 centaurs
  A water moccasin zombie (D:7)
  A scorpion (D:4)
  9 killer bees
  2 howler monkeys
  A crimson imp (D:6)
  2 hounds
  A quasit (D:7)
  An orc priest (D:7)
  3 orc wizards
  Jessica (D:2)
  2 iguanas
  3 worker ants
  7 adders
  2 gnolls (D:5)
  2 oozes
  3 adder skeletons
  2 dart slugs (D:1)
  9 orcs
  8 bats
  4 giant cockroaches
  3 goblins
  5 hobgoblins
  12 jackals
  2 quokkas
  3 ball pythons
  4 frilled lizards
  A jackal skeleton (D:7)
  A jackal zombie (D:5)
  6 kobolds
  2 leopard gecko zombies (D:6)
  A quokka skeleton (D:4)
  7 rats
124 creatures vanquished.

Vanquished Creatures (others)
  An ice beast (D:5)
  An ogre (D:7)
  2 scorpions
  2 crimson imps
  An orc priest (D:7)
  2 gnolls (D:5)
  An adder (D:4)
  A leopard gecko (D:6)
  An orc (D:7)
  A giant cockroach (D:3)
  A goblin (D:1)
  A jackal (D:7)
  A kobold (D:3)
16 creatures vanquished.

Grand Total: 140 creatures vanquished

Notes
Turn   | Place    | Note
-------+----------+-------------------------------------------
     0 | D:1      | troglodite the Demonspawn Berserker began the quest for the Orb.
     0 | D:1      | Reached XP level 1. HP: 18/18 MP: 1/1
   378 | D:1      | Gained mutation: You sometimes gain a little power by taking damage. [demonic ancestry]
   378 | D:1      | Reached XP level 2. HP: 22/24 MP: 2/2
   913 | D:2      | Reached skill level 2 in Armour
   913 | D:2      | Reached XP level 3. HP: 29/29 MP: 3/3
   973 | D:2      | Noticed Jessica
   977 | D:2      | Killed Jessica
  1003 | D:2      | Reached XP level 4. HP: 37/37 MP: 4/4
  1043 | D:2      | Reached ** piety under Trog
  1550 | D:3      | Found a sacrificial altar of Ru.
  1575 | D:3      | Found a shimmering altar of Xom.
  1576 | D:3      | Reached skill level 1 in Short Blades
  2154 | D:4      | Noticed an ogre
  2164 | D:4      | Killed an ogre
  2164 | D:4      | Gained mutation: When hurt, damage is shared between your health and your magic reserves. [demonic ancestry]
  2164 | D:4      | Reached XP level 5. HP: 24/42 MP: 5/5
  2319 | D:4      | Found an opulent altar of Gozag.
  2353 | D:4      | Reached skill level 3 in Armour
  2353 | D:4      | Gained mutation: You have a pair of small antennae on your head. [demonic ancestry]
  2353 | D:4      | Reached XP level 6. HP: 49/49 MP: 3/6
  2371 | D:4      | Noticed letownia2's ghost (amateur GnSk)
  2457 | D:4      | Killed letownia2's ghost
  2457 | D:4      | Reached skill level 1 in Stealth
  2494 | D:4      | Reached XP level 7. HP: 27/55 MP: 4/7
  2695 | D:4      | Found a blossoming altar of Fedhas.
  2700 | D:4      | Found an iron altar of Okawaru.
  2709 | D:4      | Found a hide-covered altar of Uskayaw.
  2934 | D:4      | Reached skill level 4 in Armour
  3023 | D:5      | Entered Level 5 of the Dungeon
  3085 | D:5      | Reached skill level 5 in Fighting
  3595 | D:5      | Noticed Edmund
  3651 | D:5      | Noticed Sigmund
  3667 | D:5      | Killed Sigmund
  3667 | D:5      | Reached skill level 5 in Armour
  3667 | D:5      | Gained mutation: You regenerate magic rapidly. [demonic ancestry]
  3667 | D:5      | Reached XP level 8. HP: 8/63 MP: 1/8
  4085 | D:5      | Found Diroz's Armour Shoppe.
  4111 | D:5      | Found a glowing golden altar of the Shining One.
  4305 | D:6      | Reached *** piety under Trog
  4435 | D:6      | Found a staircase to the Ecumenical Temple.
  4503 | D:6      | Reached skill level 6 in Armour
  5412 | D:7      | Reached skill level 7 in Armour
  5439 | D:6      | Gained mutation: You sometimes gain power by taking damage. [demonic ancestry]
  5439 | D:6      | Reached XP level 9. HP: 69/70 MP: 6/9
  5732 | D:7      | Found a white marble altar of Elyvilon.
  6274 | D:7      | Slain by an ice beast

Skill      XL: |  1  2  3  4  5  6  7  8 |
---------------+-------------------------+-----
Long Blades    | 3 |  3.3
Armour         | 2 3 5 7 |  7.9
Dodging        | 2 3 4 |  4.5
Short Blades   | 1 2 3 4 |  4.7
Fighting       | 4 5 6 |  6.7
Stealth        | 1 |  1.0

Action                   |  1- 3 |  4- 6 |  7- 9 || total
-------------------------+-------+-------+-------++-------
Melee: Falchion          |    18 |       |       ||    18
       Dagger            |    38 |   142 |   262 ||   442
Invok: Berserk           |       |     3 |     5 ||     8
       Trog's Hand       |       |       |     1 ||     1
  Use: Potion            |       |       |     3 ||     3
  Eat: Chunk             |       |     7 |    16 ||    23
Armor: Ring mail         |    22 |    49 |     5 ||    76
       Chain mail        |       |       |   146 ||   146
       Skin              |       |       |    27 ||    27
Dodge: Dodged            |    41 |   102 |   134 ||   277
       Rpst.: Falchion   |     5 |       |       ||     5
